 Dungeon Crawl Stone Soup version 0.28-a0-1190-g77e1c55843 (webtiles) character file.

Game seed: 2724667585603119864

23 Gargoyl the Skirmisher (level 3, 0/35 HPs)
             Began as a Gnoll Abyssal Knight on Dec 18, 2021.
             Was an Initiate of Lugonu.
             Slain by an adder (4 damage)
             ... on level 2 of the Dungeon.
             The game lasted 00:01:50 (6141 turns).

Gargoyl the Skirmisher (Gnoll Abyssal Knight)       Turns: 6141, Time: 00:01:50

Health: 0/35       AC:  2    Str: 14    XL:     3   Next: 0%
Magic:  6/6        EV: 12    Int:  9    God:    Lugonu [......]
Gold:   29         SH:  0    Dex: 12    Spells: 3/3 levels left

rFire   . . .      SeeInvis .   a - +2 hand axe (drain)
rCold   . . .      Faith    .   (no shield)
rNeg    . . .      Spirit   .   b - +0 leather armour
rPois   .          Reflect  .   (no helmet)
rElec   .          Harm     .   (no cloak)
rCorr   .          Rampage  .   (no gloves)
Will    .....                   (no boots)
Stlth   +.........              (no amulet)
HPRegen 0.00/turn               (no ring)
MPRegen 0.10/turn               (no ring)

@: lethally poisoned (0 -> -4), inhibited regen
A: fangs 1, strong nose, distributed training, [deformed body], [inhibited
regeneration]
a: Renounce Religion


You were on level 2 of the Dungeon.
You worshipped Lugonu.
Lugonu was noncommittal.
You visited 1 branch of the dungeon, and saw 2 of its levels.
You visited the Abyss 1 time.

You collected 29 gold pieces.

Inventory:

Hand Weapons
 a - a +2 hand axe of draining (weapon)
Armour
 b - a +0 leather armour (worn)
 e - a +0 helmet
Scrolls
 c - a scroll of magic mapping
Potions
 d - a potion of flight {unknown}
 g - a potion of heal wounds {unknown}


   Skills:
 + Level 6.5 Fighting
 + Level 0.5 Short Blades
 + Level 0.5 Long Blades
 + Level 4.5 Axes
 + Level 0.5 Maces & Flails
 + Level 0.5 Polearms
 + Level 0.5 Staves
 + Level 0.5 Slings
 + Level 0.5 Bows
 + Level 0.5 Crossbows
 + Level 0.5 Throwing
 + Level 4.5 Armour
 + Level 2.5 Dodging
 + Level 0.5 Stealth
 + Level 0.5 Shields
 + Level 0.5 Unarmed Combat
 + Level 0.5 Spellcasting
 + Level 0.4 Conjurations
 + Level 0.4 Hexes
 + Level 0.4 Summonings
 + Level 0.4 Necromancy
 + Level 0.4 Translocations
 + Level 0.4 Transmutations
 + Level 0.4 Fire Magic
 + Level 0.4 Ice Magic
 + Level 0.4 Air Magic
 + Level 0.4 Earth Magic
 + Level 0.4 Poison Magic
 + Level 4.5 Invocations
 + Level 0.5 Evocations


You had 3 spell levels left.
You didn't know any spells.
Your spell library contained the following spells:

 Spells                   Type           Power      Damage    Failure   Level
 Static Discharge         Conj/Air       0%         N/A       52%         2
 Lightning Bolt           Conj/Air       0%         1d11      100%        5
 Maxwell's Capacitive Co  Air            0%         ∞         100%        8


Dungeon Overview and Level Annotations

Branches:
Dungeon (2/15)

Altars:


Innate Abilities, Weirdness & Mutations

You have very sharp teeth.
Your uncanny sense of smell can sniff out nearby items.
Your experience applies equally to all skills.
[Armour fits poorly on your strangely shaped body.]
[You do not regenerate when monsters are visible.]


Message History

You hit the jackal. You drain the jackal.
The jackal is heavily wounded.
You barely miss the jackal. The jackal bites you. x2
The jackal bites you but does no damage.
The jackal bites you.
Unknown command.
You hit the jackal.
The jackal is severely wounded.
You closely miss the jackal. The jackal bites you. x2
You hit the jackal.
You kill the jackal!
Lugonu accepts your kill.
You closely miss the jackal. The jackal bites you.
You have reached level 3!
Your experience leads to an increase in your attributes!
Increase (S)trength, (I)ntelligence, or (D)exterity?
You feel stronger. x2
The jackal misses you.
The jackal bites you but does no damage.
The adder barely misses you.
You see here a jackal corpse.
Unknown command.
You hit the jackal.
The jackal is severely wounded.
You hit the adder. The jackal barely misses you. The adder bites you.
You are poisoned.
The adder poisons you!
Unknown command.
You closely miss the adder. You bite the adder.
The adder is lightly wounded.
You hit the jackal.
You feel sick. The jackal misses you. The adder bites you but does no damage.
The jackal bites you.
* * * LOW HITPOINT WARNING * * *
Unknown command.
You hit the adder.
The adder is moderately wounded.
You closely miss the jackal.
You feel sick. The adder bites you.
* * * LOW HITPOINT WARNING * * *
The jackal completely misses you. The adder bites you.
You die...

...
...####
.......##
........##
.........#
.........#
.......S†#
..:....@<#
.......h.#
.........#
........##
.#.....##
######


You could see an adder and a jackal (drained).

Vanquished Creatures
  3 bats (D:1)
  3 endoplasms (D:1)
  2 goblins (D:1)
  2 hobgoblins (D:1)
  3 jackals
  A quokka (D:1)
  A ball python (D:1)
  2 frilled lizards (D:1)
  A kobold (D:1)
  2 rats
  A spectral kobold (D:1)
21 creatures vanquished.

Notes
Turn   | Place    | Note
-------+----------+-------------------------------------------
     0 | Abyss:1  | Gargoyl the Gnoll Abyssal Knight began the quest for the
                  | Orb.
     0 | Abyss:1  | Reached XP level 1. HP: 23/23 MP: 3/3
    72 | Abyss:1  | Noticed a glowing orange brain
    73 | Abyss:1  | Noticed a wretched star
    73 | Abyss:1  | Noticed a smoke demon
   217 | Abyss:1  | Noticed a wraith
   218 | D:1      | Escaped the Abyss
   261 | D:1      | Found a faded altar of an unknown god.
   598 | D:1      | Reached * piety under Lugonu
  5207 | D:1      | Glimpsed the power of Zot.
  5707 | D:1      | Glimpsed the power of Zot.
  5717 | D:1      | Reached XP level 2. HP: 29/29 MP: 5/5
  6107 | D:1      | Glimpsed the power of Zot.
  6138 | D:2      | Reached XP level 3. HP: 13/35 MP: 6/6
  6141 | D:2      | Slain by an adder

Illustrated notes

Levels and vault maps discovered:
D:1:      minmay_arrival_five_plusses, layout_rooms,
          dreamdust_ecumenical_altar_drowned_temple
D:2:      layout_rooms

Action                   || total
-------------------------++-------
Melee: Hand axe          ||    51
       Bite              ||     3
Invok: Depart the Abyss  ||     1
  Use: Scroll            ||     6
Armor: Leather armour    ||    19
Dodge: Dodged            ||    61

Table legend: (Time is in decaauts)
 A = Elapsed time spent in this place.
 B = Non-inter-level travel time spent in this place.
 C = Inter-level travel time spent in this place.
 D = Time resting spent in this place.
 E = Time spent auto-exploring this place.
 F = Levels seen in this place.
 G = Mean time per level.
                   A        B        C        D        E       F      G
               +--------+--------+--------+--------+--------+-----+--------+
         Total |   6153 |   6135 |     18 |   5099 |    816 |   3 | 2051.0 |
       Dungeon |   5935 |   5917 |     18 |   5099 |    626 |   2 | 2967.5 |
         Abyss |    218 |    218 |      0 |      0 |    190 |   1 |  218.0 |
               +--------+--------+--------+--------+--------+-----+--------+

Top non-repeatable levels by time:
     D:1: 5923 daAuts
 Abyss:1: 218 daAuts
     D:2: 11 daAuts
